 Dungeon Crawl Stone Soup version 0.22-a0-398-g8bb545f (webtiles) character file.

418362 Borgoz the Shatterer (level 23, -3/160 HPs)
             Began as a Gargoyle Fighter on May 4, 2018.
             Was the Champion of Ashenzari.
             Slain by an ettin
             ... wielding a +0 dire flail
              (52 damage)
             ... on level 4 of the Vaults.
             The game lasted 03:13:23 (57151 turns).

Borgoz the Shatterer (Gargoyle Fighter)            Turns: 57151, Time: 03:13:23

Health: -3/160     AC: 53    Str: 24    XL:     23   Next: 65%
Magic:  20/20      EV: 15    Int: 14    God:    Ashenzari [******]
Gold:   534        SH: 18    Dex: 24    Spells: 27/30 levels left

rFire    + + .     SeeInvis +   W - +11 mace of Tortfeasance {freeze, rN++ MP-9 Dex+8}
rCold    + . .     Gourm    .   c - +0 shield (curse)
rNeg     + + +     Faith    .   P - +8 chain mail {rF+}
rPois    ∞         Spirit   .   l - +2 helmet (curse)
rElec    +         Reflect  .   z - +0 cloak {rF+}
rCorr    .         Harm     .   d - +1 pair of gloves {Str+3}
MR       +....     Clarity  +   U - +2 pair of boots {run}
Stlth    ..........             o - amulet of regeneration
HPRegen  0.76/turn              N - ring of protection from cold
MPRegen  0.17/turn              X - ring of the Gloaming {+Blink rPois Int+3}

@: flying, quick
A: big wings, negative energy resistance 1, electricity resistance, unbreathing,
petrification resistance, rot immunity, AC +17
}: 2/15 runes: decaying, gossamer
a: Stop Flying, Curse Item, Scrying, Transfer Knowledge, Renounce Religion,
Evoke Blink


You were on level 4 of the Vaults.
You worshipped Ashenzari.
Ashenzari was exalted by your worship.
You were not hungry.

You visited 8 branches of the dungeon, and saw 40 of its levels.
You visited 1 bazaar.
You also visited: Ice Cave and Volcano.

You collected 6412 gold pieces.
You spent 5878 gold pieces at shops.

Inventory:

Hand Weapons
 s - a +7 demon whip of electrocution
 W - the +11 mace of Tortfeasance (weapon) {freeze, rN++ MP-9 Dex+8}
   (You bought it in a shop on level 4 of the Vaults)

   It has been specially enchanted to freeze those struck by it, causing extra
   injury to most foes and up to half again as much damage against particularly
   susceptible opponents.
   It can also slow down cold-blooded creatures.
   It affects your dexterity (+8).
   It greatly protects you from negative energy.
   It affects your magic capacity (-9).
Missiles
 G - 3 throwing nets (quivered)
Armour
 c - a cursed +0 shield (worn)
 d - a +1 pair of gloves of strength (worn)
 l - a cursed +2 helmet (worn)
 t - a +2 pair of gloves of dexterity
 z - a +0 cloak of fire resistance (worn)
 P - a +8 chain mail of fire resistance (worn)
 U - a +2 pair of boots of running (worn)
Jewellery
 b - the amulet "Kaopp" {Spirit +Blink MR+ Str+4 Int+2 Dex-4}
   (You acquired it on level 1 of the Lair of Beasts)

   [amulet of guardian spirit]

   It causes incoming damage to be split between your health and magic.
   It affects your strength (+4).
   It affects your intelligence (+2).
   It affects your dexterity (-4).
   It affects your resistance to hostile enchantments.
   It lets you blink.
 o - an amulet of regeneration (around neck)
 r - an uncursed ring of protection from fire
 F - an uncursed ring of resist corrosion
 K - an uncursed amulet of the gourmand
 N - a ring of protection from cold (left hand)
 R - the ring of Saphap {rCorr rElec Stlth+}
   (You took it off a deep elf elementalist on level 3 of the Elven Halls)

   [ring of resist corrosion]

   It insulates you from electricity.
   It makes you more stealthy.
 T - an uncursed ring of protection from cold
 X - the ring of the Gloaming (right hand) {+Blink rPois Int+3}
   (You found it on level 3 of the Lair of Beasts)

   [ring of poison resistance]

   It affects your intelligence (+3).
   It protects you from poison.
   It lets you blink.
Wands
 q - a wand of scattershot (6)
 v - a wand of iceblast (67)
 y - a wand of paralysis (40)
 C - a wand of disintegration (65)
 E - a wand of digging (18)
 L - a wand of polymorph (16)
 O - a wand of acid (12)
 Y - a wand of flame (110)
Scrolls
 a - 2 scrolls of enchant armour
 e - 15 scrolls of identify
 g - 7 scrolls of magic mapping
 j - 5 scrolls of fear
 k - 20 scrolls of teleportation
 m - 19 scrolls of remove curse
 p - a scroll of summoning
 u - 3 scrolls of blinking
 x - 5 scrolls of fog
 B - a scroll of acquirement
 D - 2 scrolls of brand weapon
 Q - a scroll of amnesia
Potions
 h - 4 potions of haste
 i - 15 potions of curing
 n - a potion of cancellation
 w - 5 potions of invisibility
 A - 6 potions of agility
 H - 2 potions of resistance
 J - 8 potions of lignification
 S - a potion of magic
Comestibles
 f - 71 rations
 I - 5 chunks of flesh


   Skills:
 * Level 21.2 Fighting
 + Level 22.2 Maces & Flails
 + Level 20.7 Armour
 + Level 6.9 Dodging
 + Level 18.9(21.2) Shields
 + Level 4.3 Spellcasting
 + Level 4.4 Charms
 + Level 4.0 Necromancy


You had 27 spell levels left.
You knew the following spells:

 Your Spells              Type           Power        Failure   Level  Hunger
a - Regeneration          Chrm/Necr      ##........   32%         3    ###....


Dungeon Overview and Level Annotations

Branches:
Dungeon (15/15)            Temple (1/1) D:7            Lair (6/6) D:11
  Swamp (4/4) Lair:2       Spider (4/4) Lair:4        Slime (0/5) Lair:5
    Orc (2/2) D:9             Elf (3/3) Orc:2        Vaults (5/5) D:14
  Crypt (0/3) Vaults:2     Depths (0/5) D:15

Altars:
Ashenzari
Cheibriados
Dithmenos
Elyvilon
Fedhas
Gozag
Hepliaklqana
Kikubaaqudgha
Makhleb
Nemelex Xobeh
Okawaru
Qazlal
Ru
Sif Muna
Trog
Uskayaw
Vehumet
Wu Jian
Xom
Yredelemnul
Zin
The Shining One
Beogh

Shops:
D:6 *   D:9 =!?%(   D:13 ?   Orc:2 :(*[   Elf:3 ==%*   Vaults:2 ([*
Vaults:4 [!(*

Annotations:
Lair:3 exclusion: 4 oklob plants


Innate Abilities, Weirdness & Mutations

You are resistant to torment.
Your stone body is resilient. (AC +17)
You are immune to poison.
Your large and strong wings let you fly indefinitely.
You resist negative energy. (rN+)
You are resistant to electric shocks. (rElec)
You can survive without breathing.
You are immune to petrification.
You are immune to rotting.


Message History

The ironheart preserver is almost dead.
The ironheart preserver closely misses you.
You sock the ironheart preserver! You freeze the ironheart preserver.
The ironheart preserver is almost dead.
The ironheart preserver mumbles some strange words.
The ironheart preserver is healed somewhat.
You barely miss the ironheart preserver.
The ironheart preserver is almost dead.
You sock the ironheart preserver! You freeze the ironheart preserver.
You kill the ironheart preserver!
You sock the ettin! You freeze the ettin.
The ettin is moderately wounded.
You block the ettin's attack. The ettin hits you with a dire flail!!
* * * LOW HITPOINT WARNING * * *
You thump the ettin! You freeze the ettin.
The ettin is heavily wounded.
You sock the ettin! You freeze the ettin.
The ettin is severely wounded.
You block the ettin's attack. The ettin hits you with a dire flail!!!
You die...

..##.).#.....#...##...........#
..##..####+####..######'########
..##(###.....###.# #.........#
..###.#.#...#.#.## #.........#
..##..#..#.#..#..## #.........#
..'.<.'...#...')>.# #.........#
####..#..#.#..#c{## #.........#
##.#.#...#.#C## #.........#
#.###.....###@# ########'###
#..####'####.)# #.........
#...#.....#[..# #.........
#....#...#....# #.∩.......
#######.####### #......... ###
#.........
################.........
#........)§...(#.........
#.....§.§§§....#.........


You could see an ettin and a yaktaur.

Vanquished Creatures
  Mara (Vaults:3)
  Boris (Vaults:3)
  Bai Suzhen (Swamp:3)
  Frederick (Vaults:3)
  Xtahua (Vaults:4)
  Saint Roka (Elf:2)
  A golden dragon (Vaults:4)
  Nikola (Swamp:1)
  Arachne (Spider:4)
  A tentacled monstrosity (Vaults:5)
  A titan (Vaults:4)
  Asterion (Vaults:1)
  3 liches
  3 deep elf blademasters
  2 deep elf master archers (Elf:3)
  A sphinx (Vaults:1)
  Kirke (Spider:2)
  4 thorn hunters
  Frances (Swamp:1)
  An ancient champion (Vaults:2)
  A storm dragon (Vaults:3)
  A tengu reaver (Vaults:3)
  Donald (Swamp:1)
  A shadow dragon (Vaults:4)
  5 frost giants
  Roxanne (Elf:2)
  3 fire giants
  17 vault wardens
  6 emperor scorpions
  A deep elf sorcerer (Elf:1)
  An orc warlord (Orc:1)
  5 ghost moths
  Louise (Spider:4)
  Aizul (Swamp:1)
  The ghost of Arum the Warrior, a journeyman FoFi of Ashenzari (D:13)
  5 very ugly things
  A ghoul (Vaults:2)
  3 deep elf elementalists (Elf:3)
  8 stone giants
  12 ironheart preservers
  The ghost of PegasusDuck the Eclecticist, a journeyman DEAE of Vehumet (Spider:1)
  7 entropy weavers
  5 deep elf annihilators
  4 deep elf demonologists
  2 spark wasps (Spider:4)
  2 ettins (Vaults:4)
  11 ogre magi
  3 deep elf death magi
  3 deep elf high priests
  9 yaktaur captains
  4 fire dragons
  2 great orbs of eyes (Vaults:4)
  A jiangshi (Vaults:2)
  Josephine (Lair:4)
  7 rakshasas
  A ghost crab (Swamp:4)
  28 vault guards
  4 ice dragons
  27 hydras
  3 catoblepae (Lair:6)
  4 centaur warriors
  39 two-headed ogres
  2 death knights (Vaults:3)
  26 dancing weapons
  A queen ant (Spider:1)
  2 tengu warriors
  A deep troll shaman (Vaults:3)
  13 alligators
  9 death yaks
  4 orc high priests
  The ghost of TheNamelessOne the Nimble, a novice OpTm of Cheibriados (D:9)
  Urug (D:10)
  A storm dragon zombie (Vaults:5)
  5 skeletal warriors
  27 deep elf knights
  A hell knight (Volcano)
  3 spriggan druids
  7 unseen horrors
  2 wizards
  2 glowing orange brains (Vaults:4)
  11 deep trolls
  2 flayed ghosts
  10 deep elf archers
  7 swamp dragons
  8 harpies
  Pikel (D:7)
  3 phantasmal warriors
  21 orb spiders
  2 shambling mangroves
  16 orc knights
  16 ironbrand convokers
  34 wolf spiders
  62 deep elf magi
  4 manticores
  A necromancer (Vaults:4)
  6 cyclopes
  5 orc sorcerers
  18 ugly things
  4 moths of wrath
  An eye of devastation (Lair:5)
  8 vault sentinels
  An elephant (shapeshifter) (Vaults:4)
  17 elephants
  A torpor snail (Spider:3)
  A smoke demon (Volcano)
  A gargoyle (D:12)
  An ice statue (IceCv)
  11 spiny frogs
  8 black mambas
  7 komodo dragons
  3 rime drakes
  33 yaktaurs
  7 freezing wraiths
  2 tengu conjurers
  A polar bear (shapeshifter) (Vaults:2)
  9 demonic crawlers
  19 polar bears
  A harpy zombie (D:14)
  A red devil (Volcano)
  2 meliai (shapeshifter)
  20 jumping spiders
  5 trolls
  25 hornets
  6 tyrant leeches
  A wind drake (shapeshifter) (Vaults:2)
  15 hippogriffs
  26 blink frogs
  A fire giant simulacrum (Vaults:2)
  24 slime creatures
  A stone giant simulacrum (Vaults:2)
  6 dream sheep (Lair:5)
  A snapping turtle (shapeshifter) (Vaults:3)
  6 bog bodies
  A human simulacrum (Vaults:3)
  A shadow (Swamp:4)
  A tarantella (shapeshifter) (Vaults:2)
  9 spriggans
  3 air elementals
  29 tarantellas
  3 wyverns
  37 yaks
  100 redbacks
  A centaur simulacrum (D:15)
  2 vampires
  2 water elementals
  4 hungry ghosts
  10 wraiths
  2 hogs (Spider:2)
  5 vampire mosquitoes
  A yak (shapeshifter) (Vaults:1)
  4 fire elementals
  A basilisk (Lair:6)
  3 acid dragons
  28 insubstantial wisps
  Menkaure (D:5)
  5 soldier ants
  14 swamp worms
  5 wargs
  A soldier ant (shapeshifter) (D:15)
  22 water moccasins
  2 hell hounds (Volcano)
  Duvessa (D:7)
  A floating eye (shapeshifter) (D:15)
  8 porcupines
  2 slaves (D:7)
  42 orc warriors
  An ice beast (shapeshifter) (D:15)
  10 swamp drakes
  3 sky beasts
  2 phantoms (D:10)
  A black bear (D:6)
  3 ice beasts
  3 eyes of draining
  8 boggarts
  25 wolves
  25 ogres
  9 centaurs
  8 necrophages
  9 crocodiles
  A big kobold (shapeshifter) (Vaults:1)
  An elf zombie (D:9)
  21 bullfrogs
  An earth elemental (Elf:2)
  Dowan (D:7)
  A gnoll sergeant (D:10)
  An elf skeleton (D:9)
  2 wyvern skeletons
  3 scorpions
  6 killer bees (D:12)
  18 wights
  An electric eel (Lair:2)
  10 crimson imps
  A howler monkey (D:6)
  A bullfrog zombie (D:12)
  3 centaur zombies
  A human zombie (D:9)
  6 jellies
  23 orc priests
  3 bullfrog skeletons
  Crazy Yiuf (D:7)
  6 centaur skeletons
  8 hounds
  3 human skeletons (D:9)
  3 iguanas
  45 orc wizards
  20 worker ants
  A mummy (D:9)
  A worker ant zombie (D:8)
  9 gnolls
  4 adders
  5 shadow imps
  2 oozes
  2 adder zombies
  An adder skeleton (D:6)
  3 worms
  A dart slug (D:2)
  6 leopard geckos
  138 orcs
  2 ball pythons
  4 giant cockroaches
  7 hobgoblins
  4 kobolds
  4 quokkas
  5 bats
  4 frilled lizards
  5 goblins
  An orc skeleton (D:9)
  10 rats
  4 briar patches
1754 creatures vanquished.

Vanquished Creatures (others)
  A fire giant (Vaults:4)
  A deep elf death mage (Elf:3)
  A centaur warrior (Vaults:4)
  A two-headed ogre (Vaults:4)
  A deep troll (Vaults:1)
  An orb spider (Spider:4)
  4 yaktaurs
  2 jumping spiders (Spider:4)
  A tyrant leech (Swamp:4)
  2 redbacks
  A tarantella (Spider:3)
  4 humans (Spider:2)
  A swamp worm (Swamp:4)
  A slave (D:7)
  3 ogres (Vaults:4)
  A wolf (IceCv)
  3 centaurs (Vaults:4)
  An orc wizard (Orc:2)
  An orc (Vaults:2)
  2 jackals (D:7)
  9 briar patches
  12 fungi
  12 plants
  7 toadstools (Swamp:2)
73 creatures vanquished.

Grand Total: 1827 creatures vanquished

Notes
Turn   | Place    | Note
-------+----------+-------------------------------------------
     0 | D:1      | Borgoz the Gargoyle Fighter began the quest for the Orb.
     0 | D:1      | Reached XP level 1. HP: 14/14 MP: 1/1
    84 | D:1      | Reached XP level 2. HP: 19/19 MP: 2/2
  1149 | D:2      | Reached XP level 3. HP: 13/23 MP: 3/3
  1346 | D:2      | Found a sacrificial altar of Ru.
  1584 | D:2      | Found a radiant altar of Vehumet.
  2082 | D:3      | Found a deep blue altar of Sif Muna.
  2097 | D:3      | Reached skill level 3 in Maces & Flails
  2104 | D:3      | Reached XP level 4. HP: 17/29 MP: 4/4
  2482 | D:3      | Found a hazy altar of Hepliaklqana.
  2968 | D:4      | Reached XP level 5. HP: 25/33 MP: 5/5
  3095 | D:4      | Reached skill level 4 in Maces & Flails
  3370 | D:4      | Reached XP level 6. HP: 39/39 MP: 6/6
  3589 | D:5      | Entered Level 5 of the Dungeon
  3593 | D:5      | Noticed an ice beast
  3874 | D:4      | Killed an ice beast
  3874 | D:4      | Reached XP level 7. HP: 25/44 MP: 7/7
  4066 | D:5      | Reached skill level 5 in Maces & Flails
  4166 | D:5      | Reached skill level 5 in Fighting
  4315 | D:5      | Reached skill level 5 in Shields
  4355 | D:5      | Reached skill level 5 in Armour
  4829 | D:5      | Noticed Menkaure
  4847 | D:5      | Killed Menkaure
  5524 | D:5      | Reached XP level 8. HP: 48/50 MP: 8/8
  5542 | D:6      | HP: 1/50 [ogre/giant spiked club (16)]
  5544 | D:6      | Reached skill level 6 in Maces & Flails
  6288 | D:6      | Found a shattered altar of Ashenzari.
  6367 | D:6      | Became a worshipper of Ashenzari the Shackled
  6753 | D:6      | Reached skill level 7 in Maces & Flails
  6868 | D:6      | Found Kesh's General Store.
  7040 | D:7      | Noticed Pikel
  7078 | D:7      | Killed Pikel
  7078 | D:7      | Reached XP level 9. HP: 52/56 MP: 9/9
  7184 | D:7      | Reached skill level 8 in Maces & Flails
  7235 | D:7      | Noticed a hornet
  7248 | D:7      | Killed a hornet
  7371 | D:7      | Found a staircase to the Ecumenical Temple.
  7413 | Temple   | Entered the Ecumenical Temple
  7607 | D:7      | Found a runed door.
  7741 | D:7      | Found an opulent altar of Gozag.
  7830 | D:7      | Reached * piety under Ashenzari
  7841 | D:7      | Noticed Duvessa
  7850 | D:7      | Killed Duvessa
  7857 | D:7      | Noticed Dowan
  7865 | D:7      | Killed Dowan
  7980 | D:7      | Noticed Crazy Yiuf
  7983 | D:7      | Paralysed by Crazy Yiuf for 2 turns
  7994 | D:7      | Paralysed by Crazy Yiuf for 5 turns
  8001 | D:7      | Killed Crazy Yiuf
  8115 | D:8      | Reached skill level 9 in Maces & Flails
  8115 | D:8      | Reached XP level 10. HP: 58/63 MP: 10/10
  8458 | D:8      | Noticed a two-headed ogre
  8470 | D:8      | Killed a two-headed ogre
  8743 | D:8      | Noticed a two-headed ogre
  8755 | D:8      | Killed a two-headed ogre
  9108 | D:9      | Found Olineor's Weapon Shoppe.
  9117 | D:9      | Found Fiapn's Food Emporium.
  9164 | D:9      | Reached skill level 10 in Maces & Flails
  9300 | D:9      | Found Hownoatwo's Magic Scroll Emporium.
  9314 | D:9      | Noticed TheNamelessOne's ghost (novice OpTm)
  9367 | D:9      | Killed TheNamelessOne's ghost
  9369 | D:9      | Bought a scroll of teleportation for 30 gold pieces
  9369 | D:9      | Bought a scroll of identify for 20 gold pieces
  9369 | D:9      | Bought a scroll of identify for 20 gold pieces
  9369 | D:9      | Bought a scroll of identify for 20 gold pieces
  9369 | D:9      | Bought a scroll of remove curse for 30 gold pieces
  9369 | D:9      | Bought a scroll of enchant weapon for 75 gold pieces
  9610 | D:9      | Reached XP level 11. HP: 65/69 MP: 11/11
  9614 | D:9      | Found an ornate altar of the Wu Jian Council.
  9750 | D:9      | Found a glowing silver altar of Zin.
  9765 | D:9      | Reached ** piety under Ashenzari
  9813 | D:9      | Noticed a two-headed ogre
  9822 | D:9      | Killed a two-headed ogre
  9826 | D:9      | Identified a scroll of acquirement
  9859 | D:9      | Found Daeblih's Jewellery Shoppe.
  9866 | D:9      | Found Nanomatu's Distillery.
  9871 | D:9      | Found a staircase to the Orcish Mines.
 10067 | D:9      | Reached skill level 11 in Maces & Flails
 10068 | D:9      | Found a basalt altar of Yredelemnul.
 10278 | D:10     | Entered Level 10 of the Dungeon
 10789 | D:10     | Killed an unseen horror
 10819 | D:10     | Noticed Urug
 10842 | D:10     | Killed Urug
 11164 | D:10     | Killed an unseen horror
 11429 | D:10     | Noticed a white ugly thing
 11440 | D:10     | Killed a white ugly thing
 11441 | D:10     | Noticed a deep elf mage
 11455 | D:10     | Killed a deep elf mage
 11455 | D:10     | Reached skill level 12 in Maces & Flails
 11455 | D:10     | Reached XP level 12. HP: 60/77 MP: 12/12
 11541 | D:10     | Noticed a centaur warrior
 11559 | D:10     | Killed a centaur warrior
 11559 | D:10     | Reached skill level 10 in Fighting
 11559 | D:10     | Reached skill level 10 in Armour
 11560 | D:10     | Reached skill level 10 in Shields
 12434 | D:11     | Found a shattered altar of Ashenzari.
 12465 | D:11     | Found a staircase to the Lair.
 12875 | D:11     | Reached *** piety under Ashenzari
 13367 | D:12     | Noticed a two-headed ogre
 13378 | D:12     | Killed a two-headed ogre
 13615 | D:12     | Noticed a two-headed ogre
 13644 | D:12     | Killed a two-headed ogre
 13731 | D:12     | Found a blossoming altar of Fedhas.
 14302 | Lair:1   | Entered Level 1 of the Lair of Beasts
 14320 | Lair:1   | Reached skill level 13 in Maces & Flails
 14328 | Lair:1   | Noticed a four-headed hydra
 14341 | Lair:1   | Killed a four-headed hydra
 14804 | Lair:1   | Noticed a six-headed hydra
 14816 | Lair:1   | Killed a six-headed hydra
 14816 | Lair:1   | Reached XP level 13. HP: 50/84 MP: 13/13
 15545 | Lair:2   | Found a dark tunnel.
 15554 | Volcano  | Entered a volcano
 15580 | Volcano  | Reached **** piety under Ashenzari
 16216 | Lair:2   | Found a staircase to the Swamp.
 16305 | Lair:2   | Reached skill level 14 in Maces & Flails
 16969 | Lair:3   | Identified the ring of the Gloaming {+Blink rPois Int+3}
 17964 | Lair:4   | Noticed Josephine
 18211 | Lair:4   | Killed Josephine
 18310 | Lair:4   | Gained mutation: Your large and strong wings let you fly indefinitely. [Gargoyle growth]
 18310 | Lair:4   | Reached XP level 14. HP: 67/92 MP: 14/14
 18354 | Lair:4   | Found a hole to the Spider Nest.
 19045 | Lair:1   | Identified the cursed amulet "Kaopp" {Spirit +Blink MR+ Str+4 Int+2 Dex-4} (You acquired it on level 1 of the Lair of Beasts)
 19173 | Orc:1    | Entered Level 1 of the Orcish Mines
 19306 | Orc:2    | Entered Level 2 of the Orcish Mines
 19306 | Orc:2    | Found a roughly hewn altar of Beogh.
 19575 | Orc:2    | Found a staircase to the Elven Halls.
 19932 | Orc:2    | Noticed an orc warlord
 20064 | Orc:1    | Killed an orc warlord
 20253 | Orc:1    | Reached skill level 15 in Maces & Flails
 21703 | Orc:2    | Paralysed by an orc sorcerer for 7 turns
 22001 | Orc:2    | Found Niomig's General Store.
 22002 | Orc:2    | Found Muaxarghe's Book Boutique.
 22003 | Orc:2    | Found Ywioxu's Antique Armour Shop.
 22003 | Orc:2    | Found Reheicvergh's Antique Weapon Shop.
 22017 | Orc:2    | Bought a ration for 70 gold pieces
 22017 | Orc:2    | Bought a scroll of teleportation for 42 gold pieces
 22017 | Orc:2    | Bought a ration for 70 gold pieces
 22018 | Orc:2    | Bought a manual of Armour for 1324 gold pieces
 22767 | Elf:1    | Entered Level 1 of the Elven Halls
 23187 | Lair:5   | Found a labyrinth entrance.
 23605 | Lair:5   | Found a staircase to the Slime Pits.
 23959 | Lair:6   | Entered Level 6 of the Lair of Beasts
 23959 | Lair:6   | Reached ***** piety under Ashenzari
 24640 | Lair:3   | Reached XP level 15. HP: 62/98 MP: 15/15
 24808 | D:6      | Bought a potion of invisibility for 96 gold pieces
 24808 | D:6      | Bought a scroll of identify for 24 gold pieces
 24887 | D:9      | Bought an uncursed amulet of regeneration for 300 gold pieces
 25188 | Lair:5   | Reached skill level 16 in Maces & Flails
 25320 | Lair:6   | Learned a level 3 spell: Regeneration
 26526 | Swamp:1  | Entered Level 1 of the Swamp
 26585 | Swamp:1  | Noticed Nikola
 26679 | Swamp:1  | Killed Nikola
 27078 | Swamp:1  | Noticed Aizul
 27082 | Swamp:1  | Noticed Frances
 27106 | Swamp:1  | Killed Frances
 27129 | Swamp:1  | Killed Aizul
 27486 | Swamp:1  | Reached skill level 15 in Armour
 27583 | Swamp:1  | Noticed Donald
 27594 | Swamp:1  | Killed Donald
 27594 | Swamp:1  | Reached skill level 17 in Maces & Flails
 27799 | Swamp:2  | Reached XP level 16. HP: 63/105 MP: 16/16
 27927 | Swamp:2  | Noticed a thorn hunter
 27954 | Swamp:2  | Killed a thorn hunter
 29139 | D:13     | Noticed Arum's ghost (journeyman FoFi)
 29161 | D:13     | Killed Arum's ghost
 29219 | D:13     | Found Jeoxt's Magic Scroll Shop.
 29233 | D:13     | Bought a scroll of identify for 34 gold pieces
 29233 | D:13     | Bought a scroll of teleportation for 51 gold pieces
 30017 | D:14     | Identified the +6 hand crossbow of Gaoc {venom, rF+}
 30054 | D:14     | Reached ****** piety under Ashenzari
 30274 | D:14     | Found a gate to the Vaults.
 30651 | D:15     | Entered Level 15 of the Dungeon
 30653 | D:15     | Found a frozen archway.
 30662 | IceCv    | Entered an ice cave
 31353 | IceCv    | Reached skill level 18 in Maces & Flails
 31897 | D:15     | Reached XP level 17. HP: 106/112 MP: 17/17
 32059 | D:15     | Found a shimmering altar of Xom.
 32060 | D:15     | Found a shimmering altar of Xom.
 32073 | D:15     | Found a shimmering altar of Xom.
 32073 | D:15     | Found a shimmering altar of Xom.
 32073 | D:15     | Found a shimmering altar of Xom.
 32077 | D:15     | Found a shimmering altar of Xom.
 32077 | D:15     | Found a shimmering altar of Xom.
 32349 | D:15     | Found a staircase to the Depths.
 32629 | D:15     | Reached skill level 15 in Shields
 33181 | Elf:1    | Reached skill level 15 in Fighting
 34383 | Swamp:3  | Noticed Bai Suzhen
 34989 | Spider:1 | Entered Level 1 of the Spider Nest
 35269 | Spider:1 | Noticed PegasusDuck's ghost (journeyman DEAE)
 35296 | Spider:1 | Killed PegasusDuck's ghost
 35851 | Spider:2 | Reached skill level 19 in Maces & Flails
 36214 | Spider:2 | Noticed Kirke
 36223 | Spider:2 | Killed Kirke
 36223 | Spider:2 | Reached XP level 18. HP: 119/119 MP: 18/18
 36491 | Spider:2 | Got the uncursed ring mail "Qetoqas" {Str+6 Dex-3}
 37079 | Spider:3 | Identified the +3 ring mail "Qetoqas" {Str+6 Dex-3} (You found it on level 2 of the Spider Nest)
 37695 | Spider:4 | Entered Level 4 of the Spider Nest
 37961 | Spider:4 | Noticed Arachne
 38629 | Spider:4 | Reached skill level 1 in Charms
 38644 | Spider:4 | Reached skill level 1 in Necromancy
 38818 | Spider:4 | Reached skill level 1 in Spellcasting
 38866 | Spider:4 | Killed Arachne
 39078 | Spider:4 | Noticed Louise
 39128 | Spider:4 | Killed Louise
 39340 | Spider:4 | Reached XP level 19. HP: 126/126 MP: 22/22
 39559 | Spider:4 | Reached skill level 20 in Maces & Flails
 39606 | Spider:4 | Got a gossamer rune of Zot
 41288 | Elf:2    | Noticed Roxanne
 41321 | Elf:2    | Killed Roxanne
 41477 | Elf:2    | Found a runed gate.
 41477 | Elf:2    | Found a runed gate.
 41479 | Elf:2    | Found a runed gate.
 41857 | Elf:2    | Noticed Saint Roka
 42059 | Elf:3    | Entered Level 3 of the Elven Halls
 42383 | Elf:2    | Killed Saint Roka
 43082 | Elf:3    | Found Ycloh's Food Emporium.
 43170 | Elf:3    | Found Goguc's Assorted Antiques.
 43294 | Elf:3    | Found Ciosoyva's Jewellery Boutique.
 43400 | Elf:3    | Reached XP level 20. HP: 113/134 MP: 24/24
 43581 | Elf:3    | Found Eminwong's Jewellery Shoppe.
 44155 | Elf:3    | Identified the ring of Saphap {rCorr rElec Stlth+} (You took it off a deep elf elementalist on level 3 of the Elven Halls)
 44209 | Elf:3    | Identified the +10 falchion "Suloahom" {speed, rN+}
 45024 | Elf:3    | Found the ring of the Octopus King {rN+ AC+1 EV+1 Str+1 Int+1 Dex+1}
 45024 | Elf:3    | Found the ring of the Octopus King {rN+ AC+1 EV+1 Str+1 Int+1 Dex+1}
 45042 | Elf:3    | Identified the ring of the Louse {MP+9 Int+5 Slay+2 SInv} (You took it off a deep elf master archer on level 3 of the Elven Halls)
 45063 | Elf:3    | Identified the +4 halberd "Globulus" {chop, +Inv rF+ Dex+4}
 45069 | Elf:3    | Identified the +10 long sword of Intimidation {drain, rPois rN+ Str+6 Dex-4}
 45069 | Elf:3    | Identified the +10 spear "Tyomed" {protect, rElec Str+5 Int+4}
 45069 | Elf:3    | Identified the cursed +0 battleaxe of the Hero {pain, rF++}
 45081 | Elf:3    | Identified the Almanac of the Blaze
 45856 | Swamp:3  | Killed Bai Suzhen
 45856 | Swamp:3  | Reached skill level 21 in Maces & Flails
 46070 | Swamp:4  | Entered Level 4 of the Swamp
 46768 | Swamp:4  | Got a decaying rune of Zot
 47410 | Vaults:1 | Entered Level 1 of the Vaults
 47549 | Vaults:1 | Reached skill level 1 in Dodging
 47862 | Vaults:1 | Reached XP level 21. HP: 111/142 MP: 25/25
 49601 | Vaults:2 | Noticed Asterion
 49633 | Vaults:1 | Killed Asterion
 50639 | Vaults:2 | Found a staircase to the Crypt.
 50981 | Vaults:2 | Found an opulent altar of Gozag.
 50981 | Vaults:2 | Found Gozag's Antique Armour Emporium.
 50982 | Vaults:2 | Found Gozag's Antique Weapon Shoppe.
 51022 | Vaults:2 | Found Gozag's Assorted Antiques.
 51143 | Vaults:2 | Bought an iridescent flail for 850 gold pieces
 51151 | Vaults:2 | Identified the +1 flail "Kogoniot" {crush, rPois rC+} (You bought it in a shop on level 2 of the Vaults)
 51251 | Vaults:2 | Reached XP level 22. HP: 125/151 MP: 26/26
 52028 | Vaults:3 | Reached skill level 5 in Dodging
 52245 | Vaults:3 | Noticed Mara
 52252 | Vaults:3 | Noticed Borgoz's illusion
 52395 | Vaults:3 | Noticed Boris
 52435 | Vaults:3 | Killed Boris
 52916 | Vaults:3 | Killed Mara
 52917 | Vaults:3 | Paralysed by a wizard for 6 turns
 52945 | Vaults:3 | Noticed Frederick
 52962 | Vaults:3 | Killed Frederick
 53814 | Vaults:4 | Found Plog's Armour Shop.
 53974 | Vaults:4 | Reached skill level 22 in Maces & Flails
 54097 | Vaults:4 | Noticed Xtahua
 54111 | Vaults:4 | Killed Xtahua
 54148 | Vaults:4 | Found Yxor's Assorted Antiques.
 54154 | Vaults:4 | Bought a potion of haste for 380 gold pieces
 54154 | Vaults:4 | Bought a potion of curing for 114 gold pieces
 54159 | Vaults:4 | Found a flickering gateway to a bazaar.
 54173 | Bazaar   | Entered a bazaar
 54247 | Bazaar   | Found Ecympol's Antique Armour Shop.
 54253 | Bazaar   | Found Refregin's Food Shoppe.
 54260 | Bazaar   | Found Hihus's Magic Scroll Emporium.
 54270 | Bazaar   | Bought a scroll of enchant weapon for 82 gold pieces
 54270 | Bazaar   | Bought a scroll of enchant weapon for 82 gold pieces
 54270 | Bazaar   | Bought 2 scrolls of teleportation for 66 gold pieces
 54292 | Bazaar   | Found Venusost's General Store.
 54299 | Bazaar   | Found Ogachahe's Antique Armour Emporium.
 54333 | Bazaar   | Bought a pair of embroidered boots for 247 gold pieces
 54343 | Bazaar   | Identified a +1 pair of boots of running (You bought it in a shop in a bazaar)
 54357 | Bazaar   | Bought a scroll of enchant armour for 82 gold pieces
 54357 | Bazaar   | Bought a scroll of remove curse for 33 gold pieces
 54357 | Bazaar   | Bought 2 scrolls of magic mapping for 77 gold pieces
 54357 | Bazaar   | Bought a scroll of enchant armour for 82 gold pieces
 54379 | Vaults:4 | Reached XP level 23. HP: 158/158 MP: 27/27
 54883 | Vaults:4 | Found Barerch's Weapon Shoppe.
 55237 | Vaults:4 | Found Beedomugue's Distillery.
 55257 | Vaults:4 | Bought a potion of curing for 51 gold pieces
 55257 | Vaults:4 | Bought a potion of haste for 170 gold pieces
 55257 | Vaults:4 | Bought a potion of agility for 68 gold pieces
 55366 | Vaults:5 | Entered Level 5 of the Vaults
 55487 | Vaults:4 | Bought the +11 mace of Tortfeasance {freeze, rN++ MP-9 Dex+8} for 1288 gold pieces
 56506 | Vaults:4 | HP: 7/160 [ice dragon (7)]
 56779 | Vaults:5 | Noticed a golden dragon
 56800 | Vaults:4 | Killed a golden dragon
 57151 | Vaults:4 | Slain by an ettin

Vault maps used:
D:1:      dpeg_arrival_shrine
D:2:      nicolae_ru_sacrificial_ziggurat, lemuel_coloured_pillars_altar,
          first_ration
D:3:      nicolae_overflow_crystal_walls, nicolae_overflow_hidden_temple,
          guppyfry_early_orc_mine
D:5:      uniq_menkaure
D:6:      ashenzari_conservatory_becter, serial_shops, nicolae_shop_waterfront,
          grunt_tough_drop
D:7:      grunt_gozag_breadcrumbs, temple_statues, uniq_duvessa, uniq_pikel,
          uniq_crazy_yiuf_cottage
D:9:      lemuel_mausoleum_altar_yredelemnul, lemuel_doored_altar, orc_0_dummy,
          basic_altar, serial_shops, nicolae_shop_statue_plus, shop, shop,
          nicolae_shop_competitors_out_of_business, shop
D:10:     hangedman_cross_veins, hangedman_pestilent_swarm,
          small_statue_alley_a, hex_tiny, minmay_splitting_lines, uniq_urug
D:11:     lair_entry_dummy, nicolae_ashenzari_panopticon
D:12:     basic_altar, serial_park_tiny_pond, dk_noncrumbling_3, uniq_sonja
D:13:     serial_shops, shop
D:14:     erik_vaults_1, skrybe_limestone_x, grunt_decor_mini_mirrors
D:15:     gammafunk_enter_depths_forms, nicolae_xom_altar_mimics,
          portal_ice_cave_entry_pillars_1
Temple:   zaba_magenta_temple
Lair:1:   minivault_23, grunt_megastairs_5
Lair:2:   swamp_mist_pool, enter_volcano_1, lemuel_fruit_tree,
          serial_bayou_shore_a
Lair:3:   guppyfry_lair_drakes, grunt_megastairs_3, minmay_lair_oklob_chamber
Lair:4:   spider_nest_entry_web_field, uniq_josephine
Lair:5:   minmay_slime_entry_eyes, lab_entry_generic
Lair:6:   evilmike_catoblepas_cave, infiniplex_staircase_pool_2
Swamp:1:  nicolae_swamp_very_dense_foliage, swamp_pool1,
          infiniplex_staircase_pool, uniq_nikola, uniq_donald, uniq_aizul,
          uniq_frances
Swamp:2:  cheibrodos_swamp_tower_of_moss, hangedman_swamp_blocks
Swamp:3:  evilmike_swamp_ruin_house_3, uniq_bai_suzhen
Swamp:4:  swamp, swamp_pool1, roderic_carrion_pond
Spider:1: nicolae_spider_ant_collections
Spider:2: uniq_kirke
Spider:4: grunt_spider_rune_circles, uniq_louise, uniq_arachne
Orc:1:    nicolae_orc_pool_cavern, nicolae_orc_rockfall
Orc:2:    st_orc_congregation, basic_altar
Elf:1:    elf_arrival_002, hangedman_elf_disciples
Elf:2:    grunt_ministairs_6, uniq_saint_roka, uniq_roxanne
Elf:3:    elf_hall_gauntlet_wide, serial_shops, shop, shop, shop,
          nicolae_shop_temple_entry_statues_fountains
Vaults:1: vaults_dpeg_ring, v_misc_13, nicolae_vaults_quartermaster, v_misc_29,
          v_misc_29, ontoclasm_vaults_spin, hangedman_vaults_unwind,
          ontoclasm_vaults_ring_small, vaults_mumra_hex, hangedman_vaults_maws
Vaults:2: ontoclasm_vaults_pinch, vaults_dpeg_encased_lava,
          nicolae_vaults_hallways_thing, minmay_crypt_entry_simple_sparse,
          nicolae_vaults_stairing_the_circle, kennysheep_vaults_gozag_temple,
          vaults_room_octagon, nicolae_vaults_network_square, vaults_dpeg_cross,
          vaults_room_ringed_pool, hangedman_vaults_restitches,
          grunt_vaults_hallway_short, v_pattern_4, uniq_asterion
Vaults:3: st_octagons_2, hangedman_vaults_locks,
          vaults_standard_mumra_enter_the_diamond, hangedman_vaults_maws,
          v_rooms_5, v_misc_14, vaults_room_pools, stair_cage_open,
          vaults_standard_mumra_x, vaults_room_semicircle, uniq_frederick,
          uniq_boris, uniq_mara
Vaults:4: nicolae_vaults_triangles, hangedman_vaults_corner,
          nicolae_vaults_border_crossing, vaults_mumra_minichess_inversion,
          vaults_mumra_bighexcomb, hangedman_vaults_hat, hangedman_vaults_pinch,
          nicolae_vaults_little_squares_1, ontoclasm_vaults_fault,
          nicolae_vaults_angled_halls, serial_shops, freezing_bzr, shop,
          nicolae_shop_statue_plus, nicolae_shop_statue_plus, shop, uniq_xtahua
Bazaar:   bazaar_kb_twisted_cavern
IceCv:    ice_cave_caverns_01
Volcano:  volcano_pools

Skill      XL: |  1  2  3  4  5  6  7  8  9 10 11 12 13 14 15 16 17 18 19 20 21 22 23 |
---------------+----------------------------------------------------------------------+-----
Maces & Flails | 3 4 5 7 9 10 12 13 14 15 17 18 19 20 21 22 | 22.2
Fighting       | 4 5 6 7 8 9 11 12 13 14 15 16 17 18 19 20 21 | 21.2
Armour         | 4 5 6 7 8 9 11 12 13 15 16 18 19 20 | 20.7
Shields        | 4 5 6 7 8 9 10 12 13 14 15 16 17 18 | 18.9
Charms         | 2 3 4 |  4.4
Necromancy     | 2 4 |  4.0
Spellcasting   | 2 3 4 |  4.3
Dodging        | 1 4 6 |  6.9

Action                   |  1- 3 |  4- 6 |  7- 9 | 10-12 | 13-15 | 16-18 | 19-21 | 22-24 || total
-------------------------+-------+-------+-------+-------+-------+-------+-------+-------++-------
Melee: Flail             |   146 |   187 |   502 |  1087 |  2103 |  2627 |  2130 |       ||  8782
       Demon whip        |       |       |       |       |       |       |   498 |   890 ||  1388
       Mace              |       |       |       |       |       |       |       |   374 ||   374
Invok: Curse Item        |       |       |     3 |       |       |       |       |       ||     3
 Abil: Evoke Blink       |       |       |       |       |     1 |     2 |     2 |     2 ||     7
Evoke: Wand              |       |       |       |     5 |     2 |       |       |       ||     7
  Use: Scroll            |       |       |    12 |     7 |    22 |     7 |     8 |     9 ||    65
       Potion            |       |       |     3 |     2 |    10 |     3 |    11 |     3 ||    32
 Stab: Invisible         |       |       |       |       |     2 |       |       |       ||     2
       Distracted        |       |       |       |       |       |     1 |       |       ||     1
       Confused          |       |       |       |       |       |     1 |       |       ||     1
  Eat: Chunk             |     3 |     7 |    15 |    20 |    40 |    70 |    38 |    20 ||   213
       Ration            |       |       |     1 |     1 |     1 |     2 |     1 |       ||     6
Armor: Scale mail        |    77 |   118 |   216 |   381 |    59 |       |       |       ||   851
       Skin              |       |       |       |     2 |   114 |       |       |       ||   116
       Chain mail        |       |       |       |       |   972 |  1662 |  1286 |   441 ||  4361
Dodge: Dodged            |    34 |    69 |   120 |   217 |   463 |   657 |   588 |   295 ||  2443
Block: Shield            |    88 |    89 |   189 |   481 |  1345 |  2013 |  1721 |   643 ||  6569

Table legend:
 A = Spawn XP
 B = Non-spawn XP
 C = Spawn XP percentage of total XP
 D = Spawn monster count
 E = Non-spawn monster count
 F = Spawn count percentage of total count
 G = Total turns spent on level
                    A         B        C        D         E        F      G
               +---------+---------+-------+---------+---------+-------+---------
         Total |       0 |  788407 |   0.0 |       0 |    1757 |   0.0 | 57151
               +---------+---------+-------+---------+---------+-------+---------
           D:1 |       0 |      32 |   0.0 |       0 |      19 |   0.0 |  1107
           D:2 |       0 |      31 |   0.0 |       0 |      14 |   0.0 |   941
           D:3 |       0 |      58 |   0.0 |       0 |      23 |   0.0 |   822
           D:4 |       0 |     553 |   0.0 |       0 |      16 |   0.0 |  1122
           D:5 |       0 |     637 |   0.0 |       0 |      24 |   0.0 |  1919
           D:6 |       0 |    1004 |   0.0 |       0 |      30 |   0.0 |  1037
           D:7 |       0 |    1860 |   0.0 |       0 |      23 |   0.0 |  1080
           D:8 |       0 |    3099 |   0.0 |       0 |      23 |   0.0 |  1086
           D:9 |       0 |    4192 |   0.0 |       0 |      35 |   0.0 |  1534
          D:10 |       0 |   10485 |   0.0 |       0 |      70 |   0.0 |  2651
          D:11 |       0 |    1236 |   0.0 |       0 |      14 |   0.0 |  1184
          D:12 |       0 |    4624 |   0.0 |       0 |      26 |   0.0 |  1090
          D:13 |       0 |    7056 |   0.0 |       0 |      14 |   0.0 |   742
          D:14 |       0 |   13152 |   0.0 |       0 |      32 |   0.0 |   887
          D:15 |       0 |   24409 |   0.0 |       0 |      63 |   0.0 |  1375
        Lair:1 |       0 |    7075 |   0.0 |       0 |      26 |   0.0 |  1673
        Lair:2 |       0 |    9572 |   0.0 |       0 |      28 |   0.0 |  1352
        Lair:3 |       0 |    5170 |   0.0 |       0 |      24 |   0.0 |  1295
        Lair:4 |       0 |    9169 |   0.0 |       0 |      28 |   0.0 |  1355
        Lair:5 |       0 |   17296 |   0.0 |       0 |      51 |   0.0 |  1496
        Lair:6 |       0 |   15389 |   0.0 |       0 |      37 |   0.0 |  1307
       Swamp:1 |       0 |   19211 |   0.0 |       0 |      38 |   0.0 |  1129
       Swamp:2 |       0 |   22763 |   0.0 |       0 |      49 |   0.0 |  1763
       Swamp:3 |       0 |   20370 |   0.0 |       0 |      35 |   0.0 |  1158
       Swamp:4 |       0 |   23605 |   0.0 |       0 |      41 |   0.0 |  1123
      Spider:1 |       0 |   11115 |   0.0 |       0 |      27 |   0.0 |   765
      Spider:2 |       0 |   23315 |   0.0 |       0 |      58 |   0.0 |  1239
      Spider:3 |       0 |   19859 |   0.0 |       0 |      53 |   0.0 |  1263
      Spider:4 |       0 |   52736 |   0.0 |       0 |     112 |   0.0 |  1407
         Orc:1 |       0 |    8788 |   0.0 |       0 |      56 |   0.0 |  2622
         Orc:2 |       0 |    7609 |   0.0 |       0 |      75 |   0.0 |  1440
         Elf:1 |       0 |   22552 |   0.0 |       0 |      35 |   0.0 |  1281
         Elf:2 |       0 |   42986 |   0.0 |       0 |      60 |   0.0 |  2162
         Elf:3 |       0 |   49044 |   0.0 |       0 |      54 |   0.0 |  1776
      Vaults:1 |       0 |   69206 |   0.0 |       0 |     120 |   0.0 |  2351
      Vaults:2 |       0 |   51237 |   0.0 |       0 |      75 |   0.0 |  1851
      Vaults:3 |       0 |   76962 |   0.0 |       0 |      75 |   0.0 |  2202
      Vaults:4 |       0 |  106411 |   0.0 |       0 |     105 |   0.0 |  2960
      Vaults:5 |       0 |    7632 |   0.0 |       0 |       7 |   0.0 |   124
         IceCv |       0 |   14553 |   0.0 |       0 |      56 |   0.0 |   958
       Volcano |       0 |    2354 |   0.0 |       0 |       6 |   0.0 |   255
               +---------+---------+-------+---------+---------+-------+---------
